Crunch vs Devils
Created - May 3, 2021 at 21:58
Goals
|
| Crunch |
1 |
2 |
1 |
0 |
1 |
4 |
| Devils |
1 |
2 |
1 |
0 |
2 |
5 |
|
Shots
|
| Crunch |
13 |
10 |
11 |
2 |
3 |
36 |
| Devils |
9 |
12 |
8 |
1 |
3 |
30 |
|
1st period
1. Devils , Anton Lander 34 (Logan Shaw 50, Robbie Russo 8) at 16:04
2. Crunch , Cody Goloubef 16 (Pontus Aberg 62, Oscar Sundqvist 48) at 17:15
Penalties :
Jonny Brodzinski (Bin) for Hooking (Minor) at 6:40, Dalton Smith (Syr) for Roughing (Minor) at 11:11
2nd period
3. Crunch , Kevin Fiala 23 (Dylan Strome 28) at 0:31
4. Devils , Maxime Macenauer 28 (Joonas Donskoi 25) at 7:57 (PP)
5. Devils , Sam Bennett 22 (Joonas Donskoi 26) at 9:08
6. Crunch , Cody Goloubef 17 (Nicolas Aube-Kubel 26, Chase De Leo 10) at 11:42
Penalties :
Kirill Kaprizov (Syr) for Tripping (Minor) at 3:52, Jacob Larsson (Syr) for Hooking (Minor) at 7:31, Logan Shaw (Bin) for Tripping (Minor) at 11:55, Sam Bennett (Bin) for Holding (Minor) at 14:27
3rd period
7. Devils , Logan Shaw 40 (Anton Lander 70, Sven Baertschi 35) at 0:38 (PP)
8. Crunch , Nicolas Aube-Kubel 16 (Noah Hanifin 15) at 2:09
Penalties :
Kevin Fiala (Syr) for Hooking (Minor) at 0:22, Kevin Fiala (Syr) for Holding (Minor) at 5:07, Christian Wolanin (Bin) for Hooking (Minor) at 8:24
Overtime #1
No Goal
Penalties :
No Penalty
Shootout
Crunch, Pontus Aberg - Shot Misses the Net
Devils, Anton Lander - Goal!
Crunch, William Nylander - Goal!
Devils, Logan Shaw - Stopped by Alex Nedeljkovic
Crunch, Kirill Kaprizov - Shot Hit the Post
Devils, Maxime Macenauer - Goal!
Penalties :
No Penalty
Goalie Stats
Alex Nedeljkovic (Syr), 26 saves from 30 shots - (0.867), OTL, 23-19-8, 65:00 minutes
Calvin Pickard (Bin), 32 saves from 36 shots - (0.889), W, 23-31-6, 65:00 minutes
Players Stats for Crunch
Player Name G A P +/- PIM S H SB GA TA FO MP PP MP PK MP
------------------------------------------------------------------------------------
Axel Holmstrom 0 0 0 0 0 1 1 1 0 0 3/4 8:06 0:00 0:00
Brendan Guhle 0 0 0 1 0 0 0 2 0 1 0/0 18:22 0:42 2:18
Chase De Leo 0 1 1 2 0 0 2 1 0 0 6/10 14:04 0:00 1:43
Cody Goloubef 2 0 2 2 0 5 1 1 0 1 0/0 28:34 2:52 4:13
Dalton Smith 0 0 0 0 2 2 1 0 0 0 0/0 8:35 0:00 0:19
Dylan Strome 0 1 1 -1 0 1 2 0 0 0 7/17 18:11 3:35 1:34
Jacob Larsson 0 0 0 -1 2 0 1 0 0 1 0/0 13:45 2:52 0:08
Kevin Fiala 1 0 1 -1 4 6 4 0 0 0 0/0 17:44 3:35 0:00
Kirill Kaprizov 0 0 0 2 2 1 2 0 0 0 0/0 12:12 0:00 1:01
Matt Tennyson 0 0 0 2 0 2 1 2 0 1 0/0 30:11 4:22 4:13
Max McCormick 0 0 0 0 0 2 0 1 0 0 0/0 8:22 0:14 0:00
Nicolas Aube-Kubel 1 1 2 2 0 3 1 0 0 1 0/0 11:18 0:15 0:00
Noah Hanifin 0 1 1 1 0 0 1 1 0 0 0/0 23:13 5:04 0:08
Oscar Sundqvist 0 1 1 1 0 3 2 1 0 1 14/31 23:23 4:20 3:22
Pontus Aberg 0 1 1 1 0 5 3 0 1 0 0/0 19:42 4:07 0:00
Sean Walker 0 0 0 -1 0 0 4 2 0 1 0/0 15:54 0:00 2:18
Teemu Hartikainen 0 0 0 -1 0 4 3 0 3 0 1/3 21:24 3:35 3:36
William Nylander 0 0 0 1 0 1 1 2 0 0 0/0 20:16 4:07 1:43
Players Stats for Devils
Player Name G A P +/- PIM S H SB GA TA FO MP PP MP PK MP
------------------------------------------------------------------------------------
Alexander Dergachyov 0 0 0 0 0 0 0 0 0 0 0/0 1:30 0:06 0:00
Anton Lander 1 1 2 0 0 5 2 0 0 0 22/37 26:10 3:40 4:15
Brandon Carlo 0 0 0 -2 0 3 0 1 0 1 0/0 31:16 3:55 4:25
Brett Seney 0 0 0 0 0 1 0 0 0 0 0/0 7:35 0:00 0:00
Christian Wolanin 0 0 0 0 2 0 0 1 0 0 0/0 11:03 0:00 0:00
Conor Garland 0 0 0 0 0 0 1 0 0 0 0/0 7:49 0:00 0:00
Cristiano Digiacinto 0 0 0 0 0 0 0 0 0 0 0/1 2:00 0:10 0:00
Dalton Thrower 0 0 0 0 0 1 1 0 0 0 0/0 22:50 2:44 3:31
Darren Dietz 0 0 0 -2 0 1 0 0 0 1 0/0 31:16 3:55 4:25
Ilya Lyubushkin 0 0 0 0 0 0 2 1 1 0 0/0 22:50 2:44 3:31
Jonny Brodzinski 0 0 0 0 2 2 1 0 1 0 1/4 7:35 0:00 0:00
Joonas Donskoi 0 2 2 -1 0 1 0 1 0 0 1/1 15:32 2:59 0:00
Logan Shaw 1 1 2 0 2 4 1 0 2 1 1/1 24:49 3:30 3:23
Maxime Macenauer 1 0 1 -1 0 4 2 0 1 0 6/14 20:13 2:59 2:59
Reid Boucher 0 0 0 -1 0 2 2 0 1 0 0/0 9:30 0:00 0:27
Robbie Russo 0 1 1 0 0 0 1 0 0 1 0/0 10:54 0:00 0:00
Robby Fabbri 0 0 0 -1 0 0 0 0 0 0 1/5 10:46 0:00 1:36
Sam Bennett 1 0 1 -1 2 3 3 2 0 0 1/1 15:31 2:59 0:00
Sven Baertschi 0 1 1 0 0 2 3 0 1 0 1/1 24:01 3:34 3:12
Valeri Nichushkin 0 0 0 -1 0 1 1 1 0 0 0/0 8:50 0:00 0:00
3 Stars
1 - Cody Goloubef (Syr)
2 - Nicolas Aube-Kubel (Syr)
3 - Anton Lander (Bin)
Power Play
Crunch - 0 on 4 Attempt(s) - 0.00%
Devils - 2 on 5 Attempt(s) - 40.00%
Penalty Kill
Crunch - 3 on 5 Attempt(s) - 60.00%
- Score 0 goal in Penalty Kill
Devils - 4 on 4 Attempt(s) - 100.00%
- Score 0 goal in Penalty Kill
Team Stat
Crunch - Hits : 30 - Faceoff Wins : 31 - Blocked Shots : 14 - Penalty Minutes : 10
Devils - Hits : 20 - Faceoff Wins : 34 - Blocked Shots : 7 - Penalty Minutes : 8
Official
Referees : Unknown
Linesman : Unknown
Game Notes
No Game Note
Finance
Level 1 -- Attendance: 1989 (99.45%) -- Ticket Income $39,780
Level 2 -- Attendance: 991 (99.10%) -- Ticket Income $9,910
Total Attendance: 2980 (99.33%)
Total Ticket Income: $49,690
Other Income: $2,484
Total Income: $52,174
Crunch
5 vs 5 Forward
Center Left Wing Right Wing Time % Phy DF OF
1 Oscar Sundqvist William Nylander Pontus Aberg 30 1 2 2
2 Dylan Strome Teemu Hartikainen Kevin Fiala 30 1 2 2
3 Chase De Leo Kirill Kaprizov Nicolas Aube-Kubel 25 1 2 2
4 Axel Holmstrom Dalton Smith Max McCormick 15 1 2 2
5 vs 5 Defense
Defense Defense Time % Phy DF OF
1 Matt Tennyson Cody Goloubef 40 1 2 2
2 Brendan Guhle Noah Hanifin 30 1 2 2
3 Sean Walker Jacob Larsson 20 1 2 2
4 Matt Tennyson Cody Goloubef 10 1 2 2
PowerPlay Forward
Center Left Wing Right Wing Time % Phy DF OF
1 Oscar Sundqvist William Nylander Pontus Aberg 60 1 2 2
2 Dylan Strome Teemu Hartikainen Kevin Fiala 40 1 2 2
PowerPlay Defense
Defense Defense Time % Phy DF OF
1 Matt Tennyson Noah Hanifin 60 1 2 2
2 Jacob Larsson Cody Goloubef 40 1 2 2
Penalty Kill 4 Players Forward
Center Wing Time % Phy DF OF
1 Oscar Sundqvist Teemu Hartikainen 60 1 2 2
2 Chase De Leo William Nylander 40 1 2 2
Penalty Kill 4 Players Defense
Defense Defense Time % Phy DF OF
1 Matt Tennyson Cody Goloubef 60 1 2 2
2 Brendan Guhle Sean Walker 40 1 2 2
Penalty Kill - 3 Players Forward
Forward Time % Phy DF OF
1 Oscar Sundqvist 60 1 2 2
2 Teemu Hartikainen 40 1 2 2
Penalty Kill - 3 Players Defense
Defense Defense Time % Phy DF OF
1 Matt Tennyson Cody Goloubef 60 1 2 2
2 Brendan Guhle Sean Walker 40 1 2 2
4 vs 4 Forward
Center Wing Time % Phy DF OF
1 Oscar Sundqvist Pontus Aberg 60 1 2 2
2 Chase De Leo Teemu Hartikainen 40 1 2 2
4 vs 4 Defense
Defense Defense Time % Phy DF OF
1 Matt Tennyson Noah Hanifin 60 1 2 2
2 Sean Walker Cody Goloubef 40 1 2 2
Last Minutes Offensive
Center Left Wing Right Wing Defense Defense
Oscar Sundqvist William Nylander Pontus Aberg Matt Tennyson Noah Hanifin
Last Minutes Defensive
Center Left Wing Right Wing Defense Defense
Oscar Sundqvist Teemu Hartikainen Kevin Fiala Brendan Guhle Cody Goloubef
Goaltenders
Starting : Alex Nedeljkovic
Backup : Kaapo Kahkonen
Extra Forwards
Normal : William Nylander, Kevin Fiala, Kirill Kaprizov - PP : Nicolas Aube-Kubel, Kevin Fiala - PK : Teemu Hartikainen
Extra Defensemen
Normal : Brendan Guhle, Sean Walker, Matt Tennyson - PP : Brendan Guhle - PK : Jacob Larsson, Sean Walker
Penalty Shots
Pontus Aberg, William Nylander, Kirill Kaprizov, Kevin Fiala, Teemu Hartikainen
Scratches
Brock Boeser (Healthy), Anthony Cirelli (Bruised Left Leg Injury), Michael Downing (Healthy), Jeremy Lauzon (Healthy), Charles-Olivier Roussel (Healthy)
Kyle Capobianco (Healthy), Keegan Iverson (Healthy)
Devils
5 vs 5 Forward
Center Left Wing Right Wing Time % Phy DF OF
1 Anton Lander Sven Baertschi Logan Shaw 40 1 2 2
2 Maxime Macenauer Sam Bennett Joonas Donskoi 30 1 2 2
3 Robby Fabbri Reid Boucher Valeri Nichushkin 20 1 2 2
4 Jonny Brodzinski Brett Seney Conor Garland 10 1 2 2
5 vs 5 Defense
Defense Defense Time % Phy DF OF
1 Brandon Carlo Darren Dietz 40 1 2 2
2 Dalton Thrower Ilya Lyubushkin 30 1 2 2
3 Robbie Russo Christian Wolanin 20 1 2 2
4 Brandon Carlo Darren Dietz 10 1 2 2
PowerPlay Forward
Center Left Wing Right Wing Time % Phy DF OF
1 Anton Lander Sven Baertschi Logan Shaw 60 1 2 2
2 Maxime Macenauer Sam Bennett Joonas Donskoi 40 1 2 2
PowerPlay Defense
Defense Defense Time % Phy DF OF
1 Brandon Carlo Darren Dietz 60 1 2 2
2 Dalton Thrower Ilya Lyubushkin 40 1 2 2
Penalty Kill 4 Players Forward
Center Wing Time % Phy DF OF
1 Anton Lander Logan Shaw 60 1 2 2
2 Maxime Macenauer Sven Baertschi 40 1 2 2
Penalty Kill 4 Players Defense
Defense Defense Time % Phy DF OF
1 Brandon Carlo Darren Dietz 60 1 2 2
2 Dalton Thrower Ilya Lyubushkin 40 1 2 2
Penalty Kill - 3 Players Forward
Forward Time % Phy DF OF
1 Anton Lander 60 1 2 2
2 Logan Shaw 40 1 2 2
Penalty Kill - 3 Players Defense
Defense Defense Time % Phy DF OF
1 Brandon Carlo Darren Dietz 60 1 2 2
2 Dalton Thrower Ilya Lyubushkin 40 1 2 2
4 vs 4 Forward
Center Wing Time % Phy DF OF
1 Anton Lander Logan Shaw 60 1 2 2
2 Maxime Macenauer Sven Baertschi 40 1 2 2
4 vs 4 Defense
Defense Defense Time % Phy DF OF
1 Brandon Carlo Darren Dietz 60 1 2 2
2 Dalton Thrower Ilya Lyubushkin 40 1 2 2
Last Minutes Offensive
Center Left Wing Right Wing Defense Defense
Anton Lander Sven Baertschi Logan Shaw Brandon Carlo Darren Dietz
Last Minutes Defensive
Center Left Wing Right Wing Defense Defense
Anton Lander Sven Baertschi Logan Shaw Brandon Carlo Darren Dietz
Goaltenders
Starting : Calvin Pickard
Backup : Juuse Saros
Extra Forwards
Normal : Cristiano Digiacinto, Alexander Dergachyov, Robby Fabbri - PP : Cristiano Digiacinto, Alexander Dergachyov - PK : Robby Fabbri
Extra Defensemen
Normal : Robbie Russo, Christian Wolanin, Dalton Thrower - PP : Robbie Russo - PK : Christian Wolanin, Dalton Thrower
Penalty Shots
Anton Lander, Logan Shaw, Maxime Macenauer, Sven Baertschi, Sam Bennett
Scratches
Ben Hutton (Bruised Left Foot Injury)
% Time on Ice - Crunch
Lines # - Real PCT - Wanted PCT - Time Play
Normal Forward
1 - 30% - 30% - 13:31
2 - 28% - 30% - 12:47
3 - 24% - 25% - 11:01
4 - 18% - 15% - 8:06
Normal Defense
1 - 42% - 40% - 18:54
2 - 30% - 30% - 13:50
3 - 24% - 20% - 11:06
4 - 3% - 10% - 1:35
PP Forward
1 - 55% - 60% - 4:21
2 - 45% - 40% - 3:35
PP Defense
1 - 64% - 60% - 5:04
2 - 36% - 40% - 2:52
PK Forward
1 - 74% - 60% - 4:56
2 - 26% - 40% - 1:43
PK Defense
1 - 65% - 60% - 4:21
2 - 35% - 40% - 2:18
PK3 Forward
1 - 0% - 60%
2 - 0% - 40%
PK3 Defense
1 - 0% - 60%
2 - 0% - 40%
44 Forward
1 - 73% - 60% - 3:40
2 - 27% - 40% - 1:20
44 Defense
1 - 49% - 60% - 2:28
2 - 51% - 40% - 2:32
Last Minute Offensive - 0:00
Last Minute Defensive - 0:00
Total
Forward - 65:00
Defense - 65:00
|
% Time on Ice - Devils
Lines # - Real PCT - Wanted PCT - Time Play
Normal Forward
1 - 36% - 40% - 16:27
2 - 28% - 30% - 12:33
3 - 19% - 20% - 8:50
4 - 17% - 10% - 7:35
Normal Defense
1 - 41% - 40% - 18:33
2 - 32% - 30% - 14:26
3 - 24% - 20% - 10:54
4 - 3% - 10% - 1:32
PP Forward
1 - 55% - 60% - 3:40
2 - 45% - 40% - 2:59
PP Defense
1 - 59% - 60% - 3:55
2 - 41% - 40% - 2:44
PK Forward
1 - 74% - 60% - 5:53
2 - 26% - 40% - 2:03
PK Defense
1 - 56% - 60% - 4:25
2 - 44% - 40% - 3:31
PK3 Forward
1 - 0% - 60%
2 - 0% - 40%
PK3 Defense
1 - 0% - 60%
2 - 0% - 40%
44 Forward
1 - 69% - 60% - 3:28
2 - 31% - 40% - 1:32
44 Defense
1 - 57% - 60% - 2:51
2 - 43% - 40% - 2:09
Last Minute Offensive - 0:00
Last Minute Defensive - 0:00
Total
Forward - 65:00
Defense - 65:00
|
Play-by-Play
1st period
0:01 of 1st period - Oscar Sundqvist wins face-off versus Anton Lander in neutral zone.
0:27 of 1st period - Maxime Macenauer is hit by Dylan Strome and loses puck.
0:43 of 1st period - Icing by Brandon Carlo.
0:44 of 1st period - Chase De Leo wins face-off versus Robby Fabbri in Devils zone.
1:29 of 1st period - Icing by Dalton Smith.
1:30 of 1st period - Oscar Sundqvist wins face-off versus Jonny Brodzinski in Crunch zone.
2:15 of 1st period - Icing by Pontus Aberg.
2:16 of 1st period - Maxime Macenauer wins face-off versus Oscar Sundqvist in Crunch zone.
2:17 of 1st period - Wrist shot by Joonas Donskoi.
2:17 of 1st period - Shot Misses the Net.
2:19 of 1st period - Backhand shot by Maxime Macenauer.
2:19 of 1st period - Stopped by Alex Nedeljkovic without a rebound.
2:20 of 1st period - Dylan Strome wins face-off versus Maxime Macenauer in Crunch zone.
2:29 of 1st period - Snap shot by Teemu Hartikainen.
2:29 of 1st period - Stopped by Calvin Pickard with a rebound.
2:34 of 1st period - Off-side.
2:35 of 1st period - Robby Fabbri wins face-off versus Chase De Leo in neutral zone.
3:01 of 1st period - Cody Goloubef is hit by Sam Bennett and loses puck.
3:10 of 1st period - Slapshot by Joonas Donskoi.
3:10 of 1st period - Shot Misses the Net.
3:24 of 1st period - Snap shot by Sven Baertschi.
3:24 of 1st period - Shot Blocked by Matt Tennyson.
3:26 of 1st period - Wrist shot by Anton Lander.
3:26 of 1st period - Shot Misses the Net.
3:28 of 1st period - Wrist shot by Dalton Thrower.
3:28 of 1st period - Shot Blocked by Axel Holmstrom.
3:32 of 1st period - Wrist shot by Sven Baertschi.
3:32 of 1st period - Stopped by Alex Nedeljkovic with a rebound.
3:49 of 1st period - Pontus Aberg is hit by Conor Garland and loses puck.
4:20 of 1st period - Sam Bennett is hit by Jacob Larsson.
4:44 of 1st period - Snap shot by Axel Holmstrom.
4:44 of 1st period - Stopped by Calvin Pickard without a rebound.
4:45 of 1st period - Anton Lander wins face-off versus Axel Holmstrom in Devils zone.
4:52 of 1st period - Snap shot by Anton Lander.
4:52 of 1st period - Deflect By Sven Baertschi.
4:52 of 1st period - Shot Blocked by Brendan Guhle.
4:52 of 1st period - Puck is out of play.
4:53 of 1st period - Dylan Strome wins face-off versus Anton Lander in Crunch zone.
5:15 of 1st period - Icing by Robbie Russo.
5:16 of 1st period - Anton Lander wins face-off versus Chase De Leo in Devils zone.
5:45 of 1st period - Matt Tennyson is hit by Reid Boucher and loses puck.
6:06 of 1st period - Snap shot by Kevin Fiala.
6:06 of 1st period - Stopped by Calvin Pickard with a rebound.
6:08 of 1st period - Slapshot by Cody Goloubef.
6:08 of 1st period - Stopped by Calvin Pickard with a rebound.
6:34 of 1st period - Snap shot by Dalton Smith.
6:34 of 1st period - Shot Misses the Net.
6:40 of 1st period - Minor Penalty to Jonny Brodzinski for Hooking.
6:41 of 1st period - Anton Lander wins face-off versus Oscar Sundqvist in Devils zone.
7:30 of 1st period - Snap shot by Pontus Aberg.
7:30 of 1st period - Stopped by Calvin Pickard with a rebound.
7:36 of 1st period - Snap shot by Pontus Aberg.
7:36 of 1st period - Stopped by Calvin Pickard without a rebound.
7:37 of 1st period - Anton Lander wins face-off versus Dylan Strome in Devils zone.
8:40 of 1st period - Penalty to Jonny Brodzinski is over, Jonny Brodzinski is back on ice.
8:49 of 1st period - Snap shot by Reid Boucher.
8:49 of 1st period - Shot Misses the Net.
8:51 of 1st period - Slapshot by Ilya Lyubushkin.
8:51 of 1st period - Shot Blocked by Noah Hanifin.
8:53 of 1st period - Slapshot by Dalton Thrower.
8:53 of 1st period - Deflect By Kirill Kaprizov.
8:53 of 1st period - Stopped by Alex Nedeljkovic with a rebound.
8:55 of 1st period - Slapshot by Ilya Lyubushkin.
8:55 of 1st period - Shot Misses the Net.
9:10 of 1st period - Snap shot by Axel Holmstrom.
9:10 of 1st period - Shot Misses the Net.
10:57 of 1st period - Noah Hanifin is hit by Maxime Macenauer and loses puck.
11:11 of 1st period - Minor Penalty to Dalton Smith for Roughing.
11:12 of 1st period - Oscar Sundqvist wins face-off versus Anton Lander in Crunch zone.
11:12 of 1st period - Oscar Sundqvist is hit by Anton Lander.
11:44 of 1st period - Oscar Sundqvist is hit by Sam Bennett and loses puck.
13:11 of 1st period - Penalty to Dalton Smith is over, Dalton Smith is back on ice.
13:18 of 1st period - Snap shot by Max McCormick.
13:18 of 1st period - Stopped by Calvin Pickard without a rebound.
13:19 of 1st period - Axel Holmstrom wins face-off versus Robby Fabbri in Devils zone.
13:26 of 1st period - Wrist shot by Reid Boucher.
13:26 of 1st period - Stopped by Alex Nedeljkovic with a rebound.
13:28 of 1st period - Wrist shot by Valeri Nichushkin.
13:28 of 1st period - Stopped by Alex Nedeljkovic with a rebound.
13:44 of 1st period - Christian Wolanin is hit by Pontus Aberg.
14:19 of 1st period - Sam Bennett is hit by Teemu Hartikainen.
14:57 of 1st period - Slapshot by Cody Goloubef.
14:57 of 1st period - Shot Misses the Net.
15:15 of 1st period - Pontus Aberg is hit by Dalton Thrower and loses puck.
15:34 of 1st period - Snap shot by Kevin Fiala.
15:34 of 1st period - Stopped by Calvin Pickard without a rebound.
15:35 of 1st period - Anton Lander wins face-off versus Dylan Strome in Devils zone.
15:53 of 1st period - Kevin Fiala is hit by Sven Baertschi and loses puck.
16:00 of 1st period - Backhand shot by Logan Shaw.
16:00 of 1st period - Shot Misses the Net.
16:02 of 1st period - Slapshot by Robbie Russo.
16:02 of 1st period - Shot Misses the Net.
16:04 of 1st period - Slapshot by Logan Shaw.
16:04 of 1st period - Deflect By Anton Lander.
16:04 of 1st period - Goal by Anton Lander - Crunch : 0 - Devils : 1.
16:05 of 1st period - Anton Lander wins face-off versus Oscar Sundqvist in neutral zone.
16:20 of 1st period - Snap shot by William Nylander.
16:20 of 1st period - Shot Misses the Net.
16:25 of 1st period - Icing by Anton Lander.
16:26 of 1st period - Anton Lander wins face-off versus Chase De Leo in Devils zone.
16:53 of 1st period - Slapshot by Maxime Macenauer.
16:53 of 1st period - Shot Misses the Net.
16:55 of 1st period - Slapshot by Brandon Carlo.
16:55 of 1st period - Deflect By Noah Hanifin.
16:55 of 1st period - Stopped by Alex Nedeljkovic without a rebound.
16:56 of 1st period - Sam Bennett wins face-off versus Oscar Sundqvist in Crunch zone.
17:01 of 1st period - Snap shot by Joonas Donskoi.
17:01 of 1st period - Stopped by Alex Nedeljkovic without a rebound.
17:02 of 1st period - Oscar Sundqvist wins face-off versus Anton Lander in Crunch zone.
17:13 of 1st period - Snap shot by Oscar Sundqvist.
17:13 of 1st period - Deflect By Pontus Aberg.
17:13 of 1st period - Stopped by Calvin Pickard with a rebound.
17:15 of 1st period - Slapshot by Cody Goloubef.
17:15 of 1st period - Goal by Cody Goloubef - Crunch : 1 - Devils : 1.
17:16 of 1st period - Dylan Strome wins face-off versus Anton Lander in neutral zone.
17:29 of 1st period - Snap shot by Kevin Fiala.
17:29 of 1st period - Shot Misses the Net.
17:31 of 1st period - Slapshot by Cody Goloubef.
17:31 of 1st period - Deflect By Darren Dietz.
17:31 of 1st period - Stopped by Calvin Pickard without a rebound.
17:32 of 1st period - Maxime Macenauer wins face-off versus Oscar Sundqvist in Devils zone.
17:46 of 1st period - Slapshot by Sam Bennett.
17:46 of 1st period - Stopped by Alex Nedeljkovic without a rebound.
17:47 of 1st period - Chase De Leo wins face-off versus Anton Lander in Crunch zone.
17:47 of 1st period - Chase De Leo is hit by Anton Lander.
18:03 of 1st period - Nicolas Aube-Kubel is hit by Logan Shaw and loses puck.
18:14 of 1st period - Sam Bennett is hit by Dylan Strome and loses puck.
18:59 of 1st period - Snap shot by Nicolas Aube-Kubel.
18:59 of 1st period - Stopped by Calvin Pickard without a rebound.
19:00 of 1st period - Chase De Leo wins face-off versus Jonny Brodzinski in Devils zone.
19:21 of 1st period - Snap shot by Jonny Brodzinski.
19:21 of 1st period - Shot Blocked by Chase De Leo.
19:25 of 1st period - Snap shot by Jonny Brodzinski.
19:25 of 1st period - Shot Misses the Net.
19:27 of 1st period - Wrist shot by Brett Seney.
19:27 of 1st period - Shot Misses the Net.
19:29 of 1st period - Slapshot by Brett Seney.
19:29 of 1st period - Shot Misses the Net.
19:31 of 1st period - Slapshot by Brett Seney.
19:31 of 1st period - Deflect By Jonny Brodzinski.
19:31 of 1st period - Shot Misses the Net.
19:31 of 1st period - Puck is out of play.
19:32 of 1st period - Anton Lander wins face-off versus Dylan Strome in Crunch zone.
19:35 of 1st period - Snap shot by Anton Lander.
19:35 of 1st period - Shot Misses the Net.
19:43 of 1st period - Logan Shaw is hit by Kevin Fiala and loses puck.
19:48 of 1st period - Slapshot by Kevin Fiala.
19:48 of 1st period - Deflect By Dylan Strome.
19:48 of 1st period - Stopped by Calvin Pickard with a rebound.
Goals for this period are 1 for Crunch vs 1 for Devils.
Shots for this period are 13 for Crunch vs 9 for Devils.
2nd period
0:01 of 2nd period - Anton Lander wins face-off versus Oscar Sundqvist in neutral zone.
0:26 of 2nd period - Maxime Macenauer is hit by Kevin Fiala and loses puck.
0:31 of 2nd period - Slapshot by Kevin Fiala.
0:31 of 2nd period - Goal by Kevin Fiala - Crunch : 2 - Devils : 1.
0:32 of 2nd period - Oscar Sundqvist wins face-off versus Anton Lander in neutral zone.
0:37 of 2nd period - Snap shot by Cody Goloubef.
0:37 of 2nd period - Shot Blocked by Ilya Lyubushkin.
0:57 of 2nd period - Ilya Lyubushkin is hit by Cody Goloubef and loses puck.
1:08 of 2nd period - Snap shot by Logan Shaw.
1:08 of 2nd period - Stopped by Alex Nedeljkovic without a rebound.
1:09 of 2nd period - Maxime Macenauer wins face-off versus Dylan Strome in Crunch zone.
1:10 of 2nd period - Snap shot by Sam Bennett.
1:10 of 2nd period - Shot Misses the Net.
1:17 of 2nd period - Icing by Kevin Fiala.
1:18 of 2nd period - Dylan Strome wins face-off versus Maxime Macenauer in Crunch zone.
1:31 of 2nd period - Wrist shot by Teemu Hartikainen.
1:31 of 2nd period - Stopped by Calvin Pickard with a rebound.
1:33 of 2nd period - Snap shot by Teemu Hartikainen.
1:33 of 2nd period - Stopped by Calvin Pickard without a rebound.
1:34 of 2nd period - Oscar Sundqvist wins face-off versus Anton Lander in Devils zone.
1:37 of 2nd period - Wrist shot by Pontus Aberg.
1:37 of 2nd period - Stopped by Calvin Pickard without a rebound.
1:38 of 2nd period - Oscar Sundqvist wins face-off versus Anton Lander in Devils zone.
1:53 of 2nd period - Slapshot by Oscar Sundqvist.
1:53 of 2nd period - Shot Misses the Net.
2:05 of 2nd period - Wrist shot by Sven Baertschi.
2:05 of 2nd period - Shot Blocked by Brendan Guhle.
2:13 of 2nd period - Backhand shot by Maxime Macenauer.
2:13 of 2nd period - Stopped by Alex Nedeljkovic with a rebound.
2:15 of 2nd period - Backhand shot by Maxime Macenauer.
2:15 of 2nd period - Shot Misses the Net.
2:34 of 2nd period - Snap shot by Nicolas Aube-Kubel.
2:34 of 2nd period - Shot Misses the Net.
2:36 of 2nd period - Snap shot by Chase De Leo.
2:36 of 2nd period - Shot Misses the Net.
3:29 of 2nd period - Off-side.
3:30 of 2nd period - Anton Lander wins face-off versus Dylan Strome in neutral zone.
3:35 of 2nd period - Snap shot by Anton Lander.
3:35 of 2nd period - Stopped by Alex Nedeljkovic with a rebound.
3:52 of 2nd period - Minor Penalty to Kirill Kaprizov for Tripping.
3:53 of 2nd period - Oscar Sundqvist wins face-off versus Anton Lander in Crunch zone.
5:21 of 2nd period - Matt Tennyson is hit by Sam Bennett and loses puck.
5:52 of 2nd period - Penalty to Kirill Kaprizov is over, Kirill Kaprizov is back on ice.
5:52 of 2nd period - Slapshot by Dylan Strome.
5:52 of 2nd period - Shot Misses the Net.
6:10 of 2nd period - Valeri Nichushkin is hit by Axel Holmstrom and loses puck.
6:21 of 2nd period - Robbie Russo is hit by Noah Hanifin and loses puck.
6:47 of 2nd period - Off-side.
6:48 of 2nd period - Jonny Brodzinski wins face-off versus Oscar Sundqvist in neutral zone.
6:51 of 2nd period - Slapshot by Darren Dietz.
6:51 of 2nd period - Stopped by Alex Nedeljkovic with a rebound.
7:01 of 2nd period - Snap shot by Jonny Brodzinski.
7:01 of 2nd period - Shot Blocked by William Nylander.
7:03 of 2nd period - Slapshot by Brandon Carlo.
7:03 of 2nd period - Stopped by Alex Nedeljkovic with a rebound.
7:21 of 2nd period - Wrist shot by Reid Boucher.
7:21 of 2nd period - Shot Misses the Net.
7:31 of 2nd period - Minor Penalty to Jacob Larsson for Hooking.
7:32 of 2nd period - Oscar Sundqvist wins face-off versus Anton Lander in Crunch zone.
7:57 of 2nd period - Slapshot by Maxime Macenauer.
7:57 of 2nd period - Goal by Maxime Macenauer - Crunch : 2 - Devils : 2.
7:58 of 2nd period - Chase De Leo wins face-off versus Anton Lander in neutral zone.
8:20 of 2nd period - Logan Shaw is hit by Nicolas Aube-Kubel and loses puck.
8:27 of 2nd period - Cody Goloubef is hit by Sven Baertschi and loses puck.
8:58 of 2nd period - Slapshot by Anton Lander.
8:58 of 2nd period - Deflect By Logan Shaw.
8:58 of 2nd period - Shot Misses the Net.
8:58 of 2nd period - Puck is out of play.
8:59 of 2nd period - Dylan Strome wins face-off versus Maxime Macenauer in Crunch zone.
9:08 of 2nd period - Snap shot by Sam Bennett.
9:08 of 2nd period - Goal by Sam Bennett - Crunch : 2 - Devils : 3.
9:09 of 2nd period - Dylan Strome wins face-off versus Maxime Macenauer in neutral zone.
9:56 of 2nd period - Snap shot by Dylan Strome.
9:56 of 2nd period - Shot Blocked by Brandon Carlo.
10:05 of 2nd period - Wrist shot by Kevin Fiala.
10:05 of 2nd period - Shot Misses the Net.
10:07 of 2nd period - Wrist shot by Kevin Fiala.
10:07 of 2nd period - Stopped by Calvin Pickard without a rebound.
10:08 of 2nd period - Maxime Macenauer wins face-off versus Oscar Sundqvist in Devils zone.
10:21 of 2nd period - Snap shot by Cody Goloubef.
10:21 of 2nd period - Shot Misses the Net.
10:33 of 2nd period - Robby Fabbri is hit by Chase De Leo.
10:57 of 2nd period - Slapshot by Jonny Brodzinski.
10:57 of 2nd period - Stopped by Alex Nedeljkovic with a rebound.
11:21 of 2nd period - Snap shot by Anton Lander.
11:21 of 2nd period - Stopped by Alex Nedeljkovic with a rebound.
11:23 of 2nd period - Snap shot by Anton Lander.
11:23 of 2nd period - Shot Blocked by Sean Walker.
11:33 of 2nd period - Maxime Macenauer is hit by Kirill Kaprizov and loses puck.
11:40 of 2nd period - Snap shot by Nicolas Aube-Kubel.
11:40 of 2nd period - Shot Blocked by Sam Bennett.
11:42 of 2nd period - Slapshot by Cody Goloubef.
11:42 of 2nd period - Goal by Cody Goloubef - Crunch : 3 - Devils : 3.
11:43 of 2nd period - Dylan Strome wins face-off versus Maxime Macenauer in neutral zone.
11:52 of 2nd period - Snap shot by Matt Tennyson.
11:52 of 2nd period - Stopped by Calvin Pickard without a rebound.
11:53 of 2nd period - Anton Lander wins face-off versus Oscar Sundqvist in Devils zone.
11:55 of 2nd period - Minor Penalty to Logan Shaw for Tripping.
11:56 of 2nd period - Oscar Sundqvist wins face-off versus Anton Lander in Devils zone.
12:00 of 2nd period - Snap shot by Pontus Aberg.
12:00 of 2nd period - Stopped by Calvin Pickard with a rebound.
12:02 of 2nd period - Snap shot by Noah Hanifin.
12:02 of 2nd period - Deflect By Oscar Sundqvist.
12:02 of 2nd period - Stopped by Calvin Pickard without a rebound.
12:03 of 2nd period - Anton Lander wins face-off versus Oscar Sundqvist in Devils zone.
12:19 of 2nd period - Wrist shot by Oscar Sundqvist.
12:19 of 2nd period - Stopped by Calvin Pickard with a rebound.
13:55 of 2nd period - Penalty to Logan Shaw is over, Logan Shaw is back on ice.
14:02 of 2nd period - Wrist shot by Logan Shaw.
14:02 of 2nd period - Stopped by Alex Nedeljkovic without a rebound.
14:03 of 2nd period - Chase De Leo wins face-off versus Jonny Brodzinski in Crunch zone.
14:18 of 2nd period - Off-side.
14:19 of 2nd period - Axel Holmstrom wins face-off versus Maxime Macenauer in neutral zone.
14:27 of 2nd period - Minor Penalty to Sam Bennett for Holding.
14:28 of 2nd period - Oscar Sundqvist wins face-off versus Anton Lander in Devils zone.
15:36 of 2nd period - Icing by Cody Goloubef.
15:37 of 2nd period - Oscar Sundqvist wins face-off versus Robby Fabbri in Crunch zone.
15:42 of 2nd period - Robby Fabbri is hit by Teemu Hartikainen and loses puck.
16:04 of 2nd period - Off-side.
16:05 of 2nd period - Maxime Macenauer wins face-off versus Dylan Strome in neutral zone.
16:27 of 2nd period - Penalty to Sam Bennett is over, Sam Bennett is back on ice.
16:32 of 2nd period - Brandon Carlo is hit by Matt Tennyson and loses puck.
17:21 of 2nd period - Wrist shot by Brett Seney.
17:21 of 2nd period - Stopped by Alex Nedeljkovic with a rebound.
17:58 of 2nd period - Snap shot by Pontus Aberg.
17:58 of 2nd period - Shot Misses the Net.
18:51 of 2nd period - Christian Wolanin is hit by Chase De Leo and loses puck.
19:07 of 2nd period - Snap shot by Robby Fabbri.
19:07 of 2nd period - Deflect By Reid Boucher.
19:07 of 2nd period - Stopped by Alex Nedeljkovic without a rebound.
19:08 of 2nd period - Teemu Hartikainen wins face-off versus Maxime Macenauer in Crunch zone.
Goals for this period are 2 for Crunch vs 2 for Devils.
Shots for this period are 10 for Crunch vs 12 for Devils.
3rd period
0:01 of 3rd period - Sven Baertschi wins face-off versus Teemu Hartikainen in neutral zone.
0:04 of 3rd period - Snap shot by Logan Shaw.
0:04 of 3rd period - Shot Misses the Net.
0:06 of 3rd period - Slapshot by Anton Lander.
0:06 of 3rd period - Stopped by Alex Nedeljkovic with a rebound.
0:08 of 3rd period - Slapshot by Brandon Carlo.
0:08 of 3rd period - Deflect By Logan Shaw.
0:08 of 3rd period - Stopped by Alex Nedeljkovic with a rebound.
0:10 of 3rd period - Slapshot by Brandon Carlo.
0:10 of 3rd period - Shot Misses the Net.
0:12 of 3rd period - Wrist shot by Sven Baertschi.
0:12 of 3rd period - Shot Misses the Net.
0:14 of 3rd period - Slapshot by Anton Lander.
0:14 of 3rd period - Shot Blocked by Matt Tennyson.
0:16 of 3rd period - Slapshot by Darren Dietz.
0:16 of 3rd period - Shot Blocked by Cody Goloubef.
0:22 of 3rd period - Minor Penalty to Kevin Fiala for Hooking.
0:23 of 3rd period - Anton Lander wins face-off versus Oscar Sundqvist in Crunch zone.
0:36 of 3rd period - Snap shot by Anton Lander.
0:36 of 3rd period - Shot Misses the Net.
0:38 of 3rd period - Snap shot by Logan Shaw.
0:38 of 3rd period - Goal by Logan Shaw - Crunch : 3 - Devils : 4.
0:39 of 3rd period - Anton Lander wins face-off versus Oscar Sundqvist in neutral zone.
1:12 of 3rd period - Snap shot by Kevin Fiala.
1:12 of 3rd period - Stopped by Calvin Pickard without a rebound.
1:13 of 3rd period - Anton Lander wins face-off versus Dylan Strome in Devils zone.
1:49 of 3rd period - Slapshot by Darren Dietz.
1:49 of 3rd period - Shot Blocked by William Nylander.
2:07 of 3rd period - Wrist shot by Nicolas Aube-Kubel.
2:07 of 3rd period - Shot Misses the Net.
2:09 of 3rd period - Slapshot by Nicolas Aube-Kubel.
2:09 of 3rd period - Goal by Nicolas Aube-Kubel - Crunch : 4 - Devils : 4.
2:10 of 3rd period - Anton Lander wins face-off versus Oscar Sundqvist in neutral zone.
2:13 of 3rd period - Slapshot by Darren Dietz.
2:13 of 3rd period - Shot Misses the Net.
2:15 of 3rd period - Slapshot by Brandon Carlo.
2:15 of 3rd period - Shot Blocked by Oscar Sundqvist.
2:17 of 3rd period - Snap shot by Anton Lander.
2:17 of 3rd period - Shot Misses the Net.
2:25 of 3rd period - Snap shot by Logan Shaw.
2:25 of 3rd period - Shot Misses the Net.
2:39 of 3rd period - Joonas Donskoi is hit by Kevin Fiala and loses puck.
3:01 of 3rd period - Snap shot by Robby Fabbri.
3:01 of 3rd period - Deflect By Valeri Nichushkin.
3:01 of 3rd period - Shot Blocked by Max McCormick.
3:01 of 3rd period - Puck is out of play.
3:02 of 3rd period - Axel Holmstrom wins face-off versus Robby Fabbri in Crunch zone.
3:07 of 3rd period - Brendan Guhle is hit by Reid Boucher and loses puck.
3:27 of 3rd period - Anton Lander is hit by William Nylander and loses puck.
3:46 of 3rd period - Wrist shot by Oscar Sundqvist.
3:46 of 3rd period - Stopped by Calvin Pickard with a rebound.
3:48 of 3rd period - Slapshot by Brendan Guhle.
3:48 of 3rd period - Shot Blocked by Sam Bennett.
3:50 of 3rd period - Wrist shot by Teemu Hartikainen.
3:50 of 3rd period - Shot Blocked by Christian Wolanin.
3:52 of 3rd period - Wrist shot by Teemu Hartikainen.
3:52 of 3rd period - Deflect By Dylan Strome.
3:52 of 3rd period - Shot Misses the Net.
3:52 of 3rd period - Puck is out of play.
3:53 of 3rd period - Anton Lander wins face-off versus Teemu Hartikainen in Devils zone.
4:27 of 3rd period - Off-side.
4:28 of 3rd period - Anton Lander wins face-off versus Chase De Leo in neutral zone.
4:39 of 3rd period - Wrist shot by Nicolas Aube-Kubel.
4:39 of 3rd period - Stopped by Calvin Pickard without a rebound.
4:40 of 3rd period - Anton Lander wins face-off versus Oscar Sundqvist in Devils zone.
4:40 of 3rd period - Anton Lander is hit by Pontus Aberg.
4:52 of 3rd period - Snap shot by Anton Lander.
4:52 of 3rd period - Stopped by Alex Nedeljkovic with a rebound.
4:54 of 3rd period - Slapshot by Brandon Carlo.
4:54 of 3rd period - Stopped by Alex Nedeljkovic without a rebound.
4:55 of 3rd period - Joonas Donskoi wins face-off versus Dylan Strome in Crunch zone.
4:56 of 3rd period - Snap shot by Maxime Macenauer.
4:56 of 3rd period - Stopped by Alex Nedeljkovic without a rebound.
4:57 of 3rd period - Maxime Macenauer wins face-off versus Dylan Strome in Crunch zone.
5:07 of 3rd period - Minor Penalty to Kevin Fiala for Holding.
5:08 of 3rd period - Oscar Sundqvist wins face-off versus Anton Lander in Crunch zone.
5:40 of 3rd period - Chase De Leo is hit by Ilya Lyubushkin and loses puck.
6:25 of 3rd period - Brandon Carlo is hit by Kirill Kaprizov and loses puck.
6:30 of 3rd period - Snap shot by Kirill Kaprizov.
6:30 of 3rd period - Shot Blocked by Joonas Donskoi.
7:07 of 3rd period - Penalty to Kevin Fiala is over, Kevin Fiala is back on ice.
7:22 of 3rd period - Slapshot by Dalton Smith.
7:22 of 3rd period - Stopped by Calvin Pickard with a rebound.
7:33 of 3rd period - Dalton Thrower is hit by Dalton Smith and loses puck.
7:52 of 3rd period - Snap shot by Jonny Brodzinski.
7:52 of 3rd period - Stopped by Alex Nedeljkovic with a rebound.
8:24 of 3rd period - Minor Penalty to Christian Wolanin for Hooking.
8:25 of 3rd period - Logan Shaw wins face-off versus Oscar Sundqvist in Devils zone.
10:24 of 3rd period - Penalty to Christian Wolanin is over, Christian Wolanin is back on ice.
10:28 of 3rd period - Sven Baertschi is hit by Kevin Fiala and loses puck.
10:49 of 3rd period - Christian Wolanin is hit by Sean Walker and loses puck.
11:00 of 3rd period - Wrist shot by Max McCormick.
11:00 of 3rd period - Stopped by Calvin Pickard with a rebound.
11:04 of 3rd period - Snap shot by Dalton Smith.
11:04 of 3rd period - Stopped by Calvin Pickard with a rebound.
11:44 of 3rd period - Dalton Smith is hit by Valeri Nichushkin.
12:30 of 3rd period - Brendan Guhle is hit by Ilya Lyubushkin and loses puck.
12:41 of 3rd period - Noah Hanifin is hit by Robbie Russo and loses puck.
13:46 of 3rd period - Slapshot by Cody Goloubef.
13:46 of 3rd period - Shot Misses the Net.
13:48 of 3rd period - Slapshot by Cody Goloubef.
13:48 of 3rd period - Stopped by Calvin Pickard with a rebound.
14:10 of 3rd period - Snap shot by Teemu Hartikainen.
14:10 of 3rd period - Stopped by Calvin Pickard with a rebound.
14:32 of 3rd period - Snap shot by Sam Bennett.
14:32 of 3rd period - Stopped by Alex Nedeljkovic without a rebound.
14:33 of 3rd period - Anton Lander wins face-off versus Dylan Strome in Crunch zone.
14:51 of 3rd period - Anton Lander is hit by Sean Walker.
15:05 of 3rd period - Wrist shot by Maxime Macenauer.
15:05 of 3rd period - Shot Misses the Net.
15:25 of 3rd period - Oscar Sundqvist is hit by Jonny Brodzinski and loses puck.
15:36 of 3rd period - Slapshot by Conor Garland.
15:36 of 3rd period - Shot Misses the Net.
15:38 of 3rd period - Wrist shot by Conor Garland.
15:38 of 3rd period - Shot Blocked by Sean Walker.
15:48 of 3rd period - Snap shot by Kirill Kaprizov.
15:48 of 3rd period - Stopped by Calvin Pickard with a rebound.
15:50 of 3rd period - Wrist shot by Chase De Leo.
15:50 of 3rd period - Shot Blocked by Valeri Nichushkin.
16:34 of 3rd period - Slapshot by Matt Tennyson.
16:34 of 3rd period - Stopped by Calvin Pickard with a rebound.
17:32 of 3rd period - Matt Tennyson is hit by Sven Baertschi and loses puck.
17:39 of 3rd period - Logan Shaw is hit by Pontus Aberg and loses puck.
18:44 of 3rd period - Sam Bennett is hit by Sean Walker and loses puck.
19:24 of 3rd period - Sven Baertschi is hit by Oscar Sundqvist.
Goals for this period are 1 for Crunch vs 1 for Devils.
Shots for this period are 11 for Crunch vs 8 for Devils.
Overtime #1
0:01 of 1st overtime period - Anton Lander wins face-off versus Oscar Sundqvist in neutral zone.
0:46 of 1st overtime period - Snap shot by Sven Baertschi.
0:46 of 1st overtime period - Shot Misses the Net.
0:48 of 1st overtime period - Wrist shot by Sven Baertschi.
0:48 of 1st overtime period - Stopped by Alex Nedeljkovic without a rebound.
0:49 of 1st overtime period - Oscar Sundqvist wins face-off versus Maxime Macenauer in Crunch zone.
1:14 of 1st overtime period - Darren Dietz is hit by Sean Walker and loses puck.
2:09 of 1st overtime period - Icing by Darren Dietz.
2:10 of 1st overtime period - Chase De Leo wins face-off versus Cristiano Digiacinto in Devils zone.
2:15 of 1st overtime period - Snap shot by Teemu Hartikainen.
2:15 of 1st overtime period - Shot Misses the Net.
3:04 of 1st overtime period - William Nylander is hit by Maxime Macenauer and loses puck.
3:24 of 1st overtime period - Icing by Pontus Aberg.
3:25 of 1st overtime period - Anton Lander wins face-off versus Oscar Sundqvist in Crunch zone.
4:08 of 1st overtime period - Slapshot by Kevin Fiala.
4:08 of 1st overtime period - Stopped by Calvin Pickard with a rebound.
4:12 of 1st overtime period - Wrist shot by William Nylander.
4:12 of 1st overtime period - Stopped by Calvin Pickard with a rebound.
4:36 of 1st overtime period - Brandon Carlo is hit by Oscar Sundqvist and loses puck.
4:56 of 1st overtime period - Dalton Thrower is hit by Teemu Hartikainen and loses puck.
Goals for this period are 0 for Crunch vs 0 for Devils.
Shots for this period are 2 for Crunch vs 1 for Devils.
ShootOut
5:00 of 1st overtime period - Round #1.
5:00 of 1st overtime period - Crunch, Pontus Aberg.
5:00 of 1st overtime period - Wrist shot by Pontus Aberg.
5:00 of 1st overtime period - Shot Misses the Net.
5:00 of 1st overtime period - Devils, Anton Lander.
5:00 of 1st overtime period - Wrist shot by Anton Lander.
5:00 of 1st overtime period - Goal by Anton Lander.
5:00 of 1st overtime period - Round #2.
5:00 of 1st overtime period - Crunch, William Nylander.
5:00 of 1st overtime period - Deke by William Nylander.
5:00 of 1st overtime period - Goal by William Nylander.
5:00 of 1st overtime period - Devils, Logan Shaw.
5:00 of 1st overtime period - Deke by Logan Shaw.
5:00 of 1st overtime period - Stopped by Alex Nedeljkovic.
5:00 of 1st overtime period - Round #3.
5:00 of 1st overtime period - Crunch, Kirill Kaprizov.
5:00 of 1st overtime period - Snap shot by Kirill Kaprizov.
5:00 of 1st overtime period - Shot Hit the Post.
5:00 of 1st overtime period - Devils, Maxime Macenauer.
5:00 of 1st overtime period - Wrist shot by Maxime Macenauer.
5:00 of 1st overtime period - Goal by Maxime Macenauer.